AoeStats
← JadeWarrior

Arena

504246273Analyzed
2v2 RM · 27d ago on Sep 4, 2026· 71m 10s· 4 players
Game mode
Random Map
Map size
Medium (4 player)
Population
200
Speed
Normal
Resources
Standard
Victory
Conquest
Starting age
Dark Age
Ending age
Imperial Age
RankedLock teamsTeams togetherTeam positionsShared explorationLock speedFull tech treeHidden civsTurbo modeCheats
Victory
Defeat
🇹🇷 Cumans · Türkiye
1092
+21
🇮🇹 Britons · Italy
1060
+15
🇹🇷 Lithuanians · Türkiye
1073
-16
🇹🇷 Britons · Türkiye
1010
-13
Maurizio il Brocco
10:51 Feudal Age
12:02 Loom
14:36 Castle Age
12:30 Double-Bit Axe
12:35 Horse Collar
19:58 Bow Saw
24:53 Wheelbarrow
27:54 Hand Cart
28:00 Stone Mining
28:00 Pikeman
28:41 Squires
28:44 Scale Mail Armor
28:54 Forging
29:05 Forging
28:45 Treadmill Crane
29:27 Ballistics
29:15 Loom
29:17 Town Watch
33:08 Imperial Age
30:31 Fletching
31:06 Heavy Plow
31:04 Gold Mining
31:16 Padded Archer Armor
32:21 Bodkin Arrow
32:41 Leather Archer Armor
33:00 Murder Holes
33:59 Chain Mail Armor
34:19 Iron Casting
33:31 Halberdier
34:43 Ring Archer Armor
35:13 Bracer
35:27 Masonry
35:50 Conscription
35:33 Warwolf
35:55 Yeomen
36:35 Plate Mail Armor
38:05 Chemistry
37:11 Siege Engineers
37:18 Fortified Wall
39:01 Blast Furnace
39:07 Architecture
38:24 Elite Longbowman
40:35 Arson
46:42 Two-Man Saw
63:44 Town Patrol
67:32 Husbandry
66:53 Light Cavalry
JadeWarrior
1:54 Loom
11:11 Feudal Age
12:10 Horse Collar
13:08 Double-Bit Axe
17:47 Wheelbarrow
22:49 Castle Age
22:20 Bloodlines
22:23 Scale Barding Armor
23:01 Gold Mining
23:47 Bow Saw
23:48 Heavy Plow
27:47 Forging
28:20 Hand Cart
29:23 Town Watch
30:09 Chain Barding Armor
30:25 Iron Casting
34:07 Imperial Age
31:32 Fletching
31:43 Padded Archer Armor
32:44 Bodkin Arrow
33:23 Ballistics
33:22 Masonry
33:53 Gold Shaft Mining
33:08 Stone Mining
34:03 Caravan
34:35 Murder Holes
34:08 Elite Steppe Lancer
34:09 Cavalier
35:23 Conscription
36:44 Two-Man Saw
36:37 Crop Rotation
37:05 Parthian Tactics
37:01 Leather Archer Armor
37:47 Blast Furnace
37:39 Plate Barding Armor
39:30 Ring Archer Armor
39:01 Scale Mail Armor
39:07 Cuman Mercenaries
38:42 Light Cavalry
39:54 Elite Kipchak
40:56 Squires
40:16 Man-at-Arms
40:17 Pikeman
40:42 Arson
42:32 Halberdier
43:23 Paladin
45:29 Thumb Ring
47:05 Chemistry
46:25 Chain Mail Armor
47:31 Long Swordsman
48:20 Onager
48:49 Elite Skirmisher
50:07 Town Patrol
49:48 Two-Handed Swordsman
51:15 Plate Mail Armor
53:03 Champion
54:50 Coinage
54:31 Guilds
56:01 Banking
58:48 Hussar
69:46 Hoardings
braveheart
10:32 Feudal Age
11:07 Double-Bit Axe
17:30 Castle Age
16:52 Horse Collar
19:07 Bow Saw
19:00 Heavy Plow
28:24 Imperial Age
27:06 Padded Archer Armor
26:57 Fletching
27:17 Forging
27:08 Scale Mail Armor
28:14 Bodkin Arrow
28:35 Leather Archer Armor
28:12 Crossbowman
30:08 Chemistry
28:49 Arbalester
29:41 Squires
29:27 Arson
32:37 Elite Skirmisher
32:39 Pikeman
33:53 Ring Archer Armor
33:23 Bracer
33:39 Chain Mail Armor
33:59 Iron Casting
33:53 Gold Mining
33:54 Stone Mining
35:46 Gold Shaft Mining
36:22 Halberdier
40:20 Plate Mail Armor
40:50 Blast Furnace
45:02 Gambesons
44:39 Man-at-Arms
46:00 Conscription
45:25 Long Swordsman
46:30 Two-Handed Swordsman
47:16 Champion
evrenos
9:26 Feudal Age
10:49 Loom
13:52 Castle Age
12:07 Double-Bit Axe
12:22 Horse Collar
23:13 Wheelbarrow
28:55 Imperial Age
27:32 Ballistics
27:27 Forging
28:14 Scale Barding Armor
29:34 Iron Casting
29:58 Bloodlines
31:01 Murder Holes
31:34 Conscription
32:12 Chain Barding Armor
32:26 Gold Mining
32:27 Stone Mining
33:22 Fletching
33:50 Town Watch
34:23 Hand Cart
34:35 Heavy Plow
34:00 Elite Leitis
35:19 Plate Barding Armor
34:39 Bodkin Arrow
35:46 Masonry
36:40 Bracer
36:41 Padded Archer Armor
36:36 Elite Skirmisher
39:03 Leather Archer Armor
41:08 Ring Archer Armor
53:18 Architecture
64:04 Husbandry
63:26 Light Cavalry
64:30 Winged Hussar
68:23 Bow Saw
68:26 Guilds
Connection lost

Rejoining the realm…

Still unreachable

The connection could not be restored.

Session expired

The server has moved on; the page needs a fresh start.